 Dungeon Crawl Stone Soup version 0.28-a0-1184-g53156a8862 (webtiles) character file.

Game seed: 14586027967414398569

4 siradein the Caller (level 1, -2/14 HPs)
             Began as a Ghoul Summoner on Dec 17, 2021.
             Slain by a hobgoblin (3 damage)
             ... on level 1 of the Dungeon.
             The game lasted 00:00:50 (412 turns).

siradein the Caller (Ghoul Summoner)                 Turns: 412, Time: 00:00:51

Health: -2/14      AC:  2    Str: 11    XL:     1   Next: 60%
Magic:  2/2        EV: 12    Int: 10    God:
Gold:   34         SH:  0    Dex:  9    Spells: 2/3 levels left

rFire   . . .      SeeInvis .   b - +0 dagger
rCold   + . .      Faith    .   (no shield)
rNeg    + + +      Spirit   .   a - +0 robe
rPois   ∞          Reflect  .   (no helmet)
rElec   .          Harm     .   (no cloak)
rCorr   .          Rampage  .   (no gloves)
Will    .....                   (no boots)
Stlth   ++........              (no amulet)
HPRegen 0.00/turn               (no ring)
MPRegen 0.08/turn               (no ring)

@: inhibited regen
A: claws 1, cold resistance 1, negative energy resistance 3, inhibited
regeneration, torment resistance 2
a: no special abilities


You were on level 1 of the Dungeon.
You visited 1 branch of the dungeon, and saw 1 of its levels.

You collected 34 gold pieces.

Inventory:

Hand Weapons
 b - a +0 dagger (weapon)
Armour
 a - a +0 robe (worn)
Scrolls
 c - a scroll of vulnerability {unknown}


   Skills:
 - Level 1.7 Dodging
 - Level 2.1 Stealth
 + Level 1.9 Spellcasting
 + Level 3.7 Summonings


You had 2 spell levels left.
You knew the following spells:

 Your Spells              Type           Power      Damage    Failure   Level
a - Summon Small Mammal   Summ           32%        N/A       7%          1

Your spell library contained the following spells:

 Spells                   Type           Power      Damage    Failure   Level
 Call Imp                 Summ           8%         N/A       11%         2
 Call Canine Familiar     Summ           8%         N/A       21%         3
 Summon Guardian Golem    Hex/Summ       4%         N/A       41%         3
 Summon Lightning Spire   Summ/Air       4%         N/A       82%         4


Dungeon Overview and Level Annotations

Branches:
Dungeon (1/15)

Altars:


Innate Abilities, Weirdness & Mutations

You thrive by killing the living.
You are immune to poison.
You have sharp fingernails.
Your flesh is cold resistant. (rC+)
You are immune to negative energy. (rN+++)
You do not regenerate when monsters are visible.
You are immune to unholy pain and torment.


Message History

There are monsters nearby!
There are monsters nearby!
The hobgoblin closely misses you.
You hit the hobgoblin but do no damage. The hobgoblin closely misses you.
You hit the hobgoblin but do no damage. The hobgoblin misses you.
You hit the hobgoblin but do no damage. The hobgoblin hits you.
You hit the hobgoblin but do no damage. The hobgoblin hits you.
You are too injured to fight recklessly!
You are too injured to fight recklessly!
You are too injured to fight recklessly!
You are too injured to fight recklessly!
Your bat completely misses the hobgoblin.
Something closely misses your bat.
You hit the hobgoblin but do no damage.
Your bat hits the hobgoblin but does no damage. x2
The hobgoblin barely misses you.
The quokka bites you but does no damage.
You closely miss the hobgoblin.
Your bat hits the hobgoblin but does no damage.
The hobgoblin hits you but does no damage.
The quokka barely misses you.
You completely miss the hobgoblin. The quokka bites you.
The hobgoblin barely misses you.
You closely miss the hobgoblin. Your bat hits the hobgoblin.
The quokka misses you. The hobgoblin hits you.
* * * LOW HITPOINT WARNING * * *
You closely miss the hobgoblin.
The hobgoblin is lightly wounded.
The quokka closely misses you.
Your bat hits the hobgoblin but does no damage.
The hobgoblin misses you.
A bat comes into view.
Your bat closely misses the hobgoblin.
The quokka bites you.
* * * LOW HITPOINT WARNING * * *
The bat moves out of view.
You hit the hobgoblin but do no damage.
The hobgoblin is lightly wounded.
Your bat hits the hobgoblin but does no damage.
Your bat barely misses the quokka.
The hobgoblin hits you.
You die...

##### ... #.... .. #
#.... .. ....# ... #....
. ...# ..... +.... #b
...+ .....##....
#.###.###.##............
...........#......#.##.#
##.###@##... ...#..#.#
.......gr#.#####..#.....
#.###.##b..#+). ..##...#
... #.#.##.# #.#.....
#.# ...#..#.###.#.....
#.. #$#.#.#......#...#.
... ...#...##.##........
.# ..# #.#.#..##.#######
#.# ...#....##.# ##.#


You could see a quokka, a hobgoblin (ally target), a bat and a friendly bat
(summoned).

Vanquished Creatures
  A bat (D:1)
  An endoplasm (D:1)
  A goblin (D:1)
3 creatures vanquished.

Notes
Turn   | Place    | Note
-------+----------+-------------------------------------------
     0 | D:1      | siradein the Ghoul Summoner began the quest for the Orb.
     0 | D:1      | Reached XP level 1. HP: 14/14 MP: 2/2
   252 | D:1      | Found a faded altar of an unknown god.
   412 | D:1      | Slain by a hobgoblin

Illustrated notes

Levels and vault maps discovered:
D:1:      dpeg_arrival_triangle_fractal, layout_basic,
          shapermc_ecumenical_altar_acropolis,
          nicolae_concentric_dashed_squares_wild

Action                   || total
-------------------------++-------
Melee: Dagger            ||    16
       Unarmed           ||     1
 Cast: Summon Small Mamm ||     3
 Stab: Sleeping          ||     2
Armor: Robe              ||     3
Dodge: Dodged            ||    11

Table legend: (Time is in decaauts)
 A = Elapsed time spent in this place.
 B = Non-inter-level travel time spent in this place.
 C = Inter-level travel time spent in this place.
 D = Time resting spent in this place.
 E = Time spent auto-exploring this place.
 F = Levels seen in this place.
 G = Mean time per level.
                   A        B        C        D        E       F      G
               +--------+--------+--------+--------+--------+-----+--------+
         Total |    412 |    412 |      0 |      0 |    371 |   1 |  412.0 |
       Dungeon |    412 |    412 |      0 |      0 |    371 |   1 |  412.0 |
               +--------+--------+--------+--------+--------+-----+--------+

Top non-repeatable levels by time:
     D:1: 412 daAuts
